 Dungeon Crawl Stone Soup version 0.26.0-10-g1f06aea511 (webtiles) character file.

Game seed: 12433605361483192951

194 Borgoz the Slasher (level 5, -4/41 HPs)
             Began as a Ghoul Gladiator on Jan 13, 2021.
             Slain by an ogre
             ... wielding a +0 giant spiked club
              (31 damage)
             ... on level 3 of the Dungeon.
             The game lasted 00:02:08 (2642 turns).

Borgoz the Slasher (Ghoul Gladiator)                Turns: 2642, Time: 00:02:09

Health: -4/41      AC:  4    Str: 18    XL:     5   Next: 73%
Magic:  4/4        EV: 13    Int:  3    God:
Gold:   128        SH:  5    Dex: 11    Spells: 4/4 levels left

rFire    . . .     SeeInvis .   a - +0 long sword
rCold    + . .     Faith    .   (no shield)
rNeg     + + +     Spirit   .   b - +0 leather armour
rPois    ∞         Reflect  +   c - +0 helmet
rElec    .         Harm     .   (no cloak)
rCorr    .         Rampage  .   (no gloves)
Will     +....                  (no boots)
Stlth    +.........             o - amulet of reflection
HPRegen  0.00/turn              n - ring of willpower
MPRegen  0.09/turn              (no ring)

@: no status effects
A: claws 1, cold resistance 1, negative energy resistance 3, inhibited
regeneration, torment resistance, unbreathing
a: no special abilities


You were on level 3 of the Dungeon.
You visited 1 branch of the dungeon, and saw 3 of its levels.

You collected 128 gold pieces.

Inventory:

Hand Weapons
 a - a +0 long sword (weapon)
Missiles
 d - 2 throwing nets (quivered)
Armour
 b - a +0 leather armour (worn)
 c - a +0 helmet (worn)
Jewellery
 n - a ring of willpower (left claw)
 o - an amulet of reflection (around neck)
Scrolls
 e - 3 scrolls of enchant armour {unknown}
 f - a scroll of noise {unknown}
 h - 3 scrolls of remove curse {unknown}
 k - a scroll of amnesia {unknown}
 l - a scroll of teleportation {unknown}
 m - 2 scrolls of identify {unknown}
 s - a scroll of fog {unknown}
 u - a scroll of fear {unknown}
 w - a scroll of magic mapping {unknown}
Potions
 g - a potion of berserk rage {unknown}
 i - a potion of might {unknown}
 j - 3 potions of curing {unknown}
 p - a potion of cancellation {unknown}
 q - 2 potions of haste {unknown}
 r - a potion of lignification {unknown}
 t - a potion of mutation {unknown}
 v - a potion of flight {unknown}


   Skills:
 - Level 2.1 Fighting
 * Level 4.4 Long Blades
 - Level 1.7 Throwing
 + Level 2.1 Armour
 + Level 3.6 Dodging


You had 4 spell levels left.
You didn't know any spells.
Your spell library was empty.

Dungeon Overview and Level Annotations

Branches:
Dungeon (3/15)

Altars:
Elyvilon
Gozag
Xom


Innate Abilities, Weirdness & Mutations

You thrive by killing the living.
You are immune to poison.
You have sharp fingernails.
Your flesh is cold resistant. (rC+)
You are immune to negative energy. (rN+++)
You do not regenerate when monsters are visible.
You are immune to unholy pain and torment.
You can survive without breathing.


Message History

You swing at nothing.
There is an open door here.
You start resting.
An ogre comes into view. It is wielding a +0 giant spiked club.
An ogre is nearby!
The ogre shouts!
You aren't carrying any items that you can evoke.
Throw: 3 throwing nets
Press: ? - help, Q - select action Shift-Dir - straight line, f - ogre
Aim: an ogre, wielding a +0 giant spiked club You throw a throwing net.
The throwing net barely misses the ogre.
The ogre closely misses you.
You riposte.
You barely miss the ogre. You hit the ogre.
The ogre is lightly wounded.
You hit the ogre.
The ogre is moderately wounded.
The ogre hits you with a +0 giant spiked club!!
Ouch! That really hurt!
You die...

..##### #..........
#.[... #######'##. #.....
#.##. #.... #.##.
#...############.##.
#...'............##.
######...###############.
......†..# #.............
........@###.#####.......
........O+ ......#)######
.........# #....#.#
.....)...' ..#..#.#
.........# #.#.<#.#
.........# #.#.##.######
.........# ##.#..........
.......(# #.......######
#########


You could see an ogre.

Vanquished Creatures
  An orc wizard (D:3)
  Robin (D:2)
  6 adders
  2 worms (D:2)
  6 dart slugs
  5 leopard geckos
  4 orcs (D:3)
  3 giant cockroaches (D:1)
  9 goblins
  10 hobgoblins
  4 jackals
  10 bats
  3 frilled lizards
  7 kobolds
  4 rats
75 creatures vanquished.

Vanquished Creatures (others)
  A hobgoblin (D:2)
1 creature vanquished.

Grand Total: 76 creatures vanquished

Notes
Turn   | Place    | Note
-------+----------+-------------------------------------------
     0 | D:1      | Borgoz the Ghoul Gladiator began the quest for the Orb.
     0 | D:1      | Reached XP level 1. HP: 17/17 MP: 0/0
    60 | D:1      | Reached skill level 3 in Long Blades
    60 | D:1      | Reached XP level 2. HP: 6/24 MP: 1/1
   687 | D:1      | Reached XP level 3. HP: 29/29 MP: 2/2
   688 | D:1      | Reached skill level 1 in Armour
  1483 | D:2      | Reached XP level 4. HP: 36/36 MP: 3/3
  1583 | D:2      | Noticed Robin
  1605 | D:2      | Killed Robin
  1856 | D:2      | Reached skill level 4 in Long Blades
  1861 | D:2      | Reached XP level 5. HP: 26/41 MP: 4/4
  2283 | D:2      | Found an opulent altar of Gozag.
  2283 | D:2      | Found a white marble altar of Elyvilon.
  2284 | D:2      | Found a shimmering altar of Xom.
  2636 | D:3      | Noticed an ogre
  2642 | D:3      | Slain by an ogre

Illustrated notes

Levels and vault maps discovered:
D:1:      dpeg_arrival_long_road, layout_loops_ring,
          chequers_serial_rivers_micro_e, minmay_tromino_i4
D:2:      layout_loops_ring, gammafunk_temple_overflow_claw, uniq_robin
D:3:      layout_basic, lemuel_doored_altar, minivault_24,
          nicolae_ru_sacrificial_ziggurat

Skill      XL: |  1  2  3  4  5 |
---------------+----------------+-----
Long Blades    | 3 4 |  4.4
Dodging        | 3 |  3.6
Armour         | 1 2 |  2.1
Fighting       | |  2.1
Throwing       | |  1.7

Action                   |  1- 3 |  4- 6 || total
-------------------------+-------+-------++-------
Melee: Long sword        |   115 |   118 ||   233
Throw: Throwing net      |       |     1 ||     1
Armor: Leather armour    |    40 |    28 ||    68
Dodge: Dodged            |    83 |    82 ||   165
Block: Other             |    11 |    36 ||    47
       Reflection        |     1 |     2 ||     3
       Rpst.: Long sword |    27 |    25 ||    52
